 Dungeon Crawl Stone Soup version 0.29-b1-12-g9e2288ab2a (webtiles) character file.

Game seed: 13480347206301659266

53 firemarshallily the Ruffian (level 3, -3/30 HPs)
             Began as a Ghoul Gladiator on Aug 23, 2022.
             Was an Initiate of Yredelemnul.
             Slain by Grinder (8 damage)
             ... on level 3 of the Dungeon on Aug 24, 2022.
             The game lasted 00:05:49 (1638 turns).

firemarshallily the Ruffian (Ghoul Gladiator)       Turns: 1638, Time: 00:05:49

Health: -3/30      AC:  4    Str: 17    XL:     3   Next: 89%
Magic:  2/2        EV: 12    Int:  3    God:    Yredelemnul [......]
Gold:   48         SH:  0    Dex: 12    Spells: 2/2 levels left

rFire   . . .      SeeInvis .     - Unarmed
rCold   + . .      Faith    .   (no shield)
rNeg    + + +      Spirit   .   a - +0 leather armour
rPois   ∞          Reflect  .   b - +0 helmet
rElec   .          Harm     .   l - scarf {repulsion}
rCorr   .          Rampage  .   (no gloves)
Will    .....                   (no boots)
Stlth   +.........              g - amulet of the acrobat
HPRegen 0.00/turn               (no ring)
MPRegen 0.08/turn               (no ring)

@: inhibited regen, repel missiles
A: claws 1, cold resistance 1, negative energy resistance 3, inhibited
regeneration, torment resistance 2, devour on kill
a: Renounce Religion, Recall Undead Harvest


You were on level 3 of the Dungeon.
You worshipped Yredelemnul.
Yredelemnul was noncommittal.
You visited 1 branch of the dungeon, and saw 3 of its levels.

You collected 48 gold pieces.

Inventory:

Missiles
 c - 3 throwing nets (quivered)
 d - a javelin
 f - 19 stones
 j - 6 poisoned darts
Armour
 a - a +0 leather armour (worn)
 b - a +0 helmet (worn)
 l - a scarf of repulsion (worn)
Jewellery
 g - an amulet of the acrobat (around neck)
Scrolls
 n - 2 scrolls of vulnerability
Potions
 h - a potion of attraction
 k - a potion of cancellation
 m - a potion of mutation {unknown}
 o - a potion of brilliance {unknown}
 p - a potion of curing {unknown}


   Skills:
 + Level 2.9 Fighting
 - Level 1.7 Throwing
 + Level 3.1 Dodging
 * Level 4.3 Unarmed Combat


You had 2 spell levels left.
You didn't know any spells.
Your spell library contained the following spells:

 Spells                   Type           Power      Damage    Failure   Level
 Call Canine Familiar     Summ           0%         N/A       92%         3
 Confusing Touch          Hex            0%         N/A       92%         3
 Portal Projectile        Hex/Tloc       0%         N/A       92%         3
 Leda's Liquefaction      Hex/Erth       0%         N/A       100%        4
 Yara's Violent Unravell  Hex/Tmut       0%         3d3       100%        5
 Enfeeble                 Hex            0%         N/A       100%        7
 Malign Gateway           Summ/Tloc      0%         N/A       100%        7
 Summon Horrible Things   Summ           0%         N/A       100%        8


Dungeon Overview and Level Annotations

Branches:
Dungeon (3/15)

Altars:
Yredelemnul

Annotations:
D:3 Grinder


Innate Abilities, Weirdness & Mutations

You are immune to poison.
You have sharp fingernails.
Your flesh is cold resistant. (rC+)
You are immune to negative energy. (rN+++)
You do not regenerate when monsters are visible.
You are immune to unholy pain and torment.
You thrive by killing the living.


Message History

* * * LOW HITPOINT WARNING * * *
You scratch Grinder but do no damage.
Grinder is heavily wounded.
Grinder blinks!
The orc attacks as you move away! The orc completely misses you.
Your jackal zombie bites the orc.
You claw the orc!
You kill the orc!
You feel better.
The orc throws a boomerang.
Your jackal zombie bites something.
You hear some strange, mumbled words.
Your jackal zombie appears confused.
Your jackal zombie closely misses you.
Something hits your jackal zombie.
Your jackal zombie completely misses you.
Your jackal zombie barely misses itself.
Something hits your jackal zombie.
You scratch Grinder.
Grinder is heavily wounded.
Something hits your jackal zombie.
Your jackal zombie is destroyed!
Grinder hits you.
* * * LOW HITPOINT WARNING * * *
You completely miss Grinder.
Grinder is heavily wounded.
Grinder hits you.
* * * LOW HITPOINT WARNING * * *
A hobgoblin comes into view.
Unknown command.
You scratch Grinder but do no damage.
Grinder is heavily wounded.
Grinder gestures at you. You resist with significant effort.
You barely miss Grinder.
Grinder is heavily wounded.
Something hits you but does no damage. Grinder closely misses you.
You claw Grinder!
Grinder is severely wounded.
The orc misses you. Something hits you but does no damage. Grinder hits you!
You die...
Yredelemnul claims you as an undead slave. ...... ....####...#...... .o.oo

#...# #...#......
.##.....##...####...##.....
....... .............#.....
.......###...####....#.....
.............####....#.####
.##....###.............#
.........o.g.####....###
.##..#.###@..# #....#
.........5...........# .
.......o...........#
#............###....#
#...#.#.#.........#.#
.......#.#............
..............###. ..
.#.##...#


You could see Grinder, 2 orcs and a hobgoblin.

Vanquished Creatures
  A dart slug (D:1)
  An orc (D:3)
  3 endoplasms
  A giant cockroach (D:1)
  A goblin (D:1)
  4 hobgoblins
  5 jackals
  6 kobolds
  2 quokkas (D:1)
  5 ball pythons
  3 bats
  5 rats
37 creatures vanquished.

Vanquished Creatures (collateral kills)
  A ball python (D:2)
  2 endoplasms
  A giant cockroach (D:1)
  A goblin (D:2)
  A hobgoblin (D:1)
  A kobold (D:1)
  A rat (D:1)
8 creatures vanquished.

Vanquished Creatures (others)
  A jackal zombie (D:3)
1 creature vanquished.

Grand Total: 46 creatures vanquished

Notes
Turn   | Place    | Note
-------+----------+-------------------------------------------
     0 | D:1      | firemarshallily the Ghoul Gladiator began the quest for the
                  | Orb.
     0 | D:1      | Reached XP level 1. HP: 17/17 MP: 0/0
   218 | D:1      | Reached XP level 2. HP: 25/25 MP: 1/1
   224 | D:1      | Found a faded altar of an unknown god.
   230 | D:1      | Prayed at the altar of an unknown god.
   230 | D:1      | Became a worshipper of Yredelemnul the Dark
   230 | D:1      | Reached * piety under Yredelemnul
   304 | D:1      | Reached ** piety under Yredelemnul
   417 | D:1      | Reached *** piety under Yredelemnul
   430 | D:1      | Reached skill level 4 in Unarmed Combat
   430 | D:1      | Reached XP level 3. HP: 30/30 MP: 2/2
  1615 | D:3      | Noticed Grinder
  1638 | D:3      | Slain by Grinder

Illustrated notes

Levels and vault maps discovered:
D:1:      wander_arrival_abandoned_jail, layout_basic,
          hellmonk_ecumenical_altar_arch_garden, minivault_14
D:2:      layout_basic
D:3:      layout_basic, uniq_ijyb, uniq_grinder

Skill      XL: |  1  2 |
---------------+-------+-----
Dodging        | 3 |  3.1
Unarmed Combat | 4 |  4.3
Fighting       | |  2.9
Throwing       | |  1.7

Action                   || total
-------------------------++-------
Melee: Unarmed           ||   105
       Punch             ||     3
  Use: Scroll            ||     5
Armor: Leather armour    ||    14
Dodge: Dodged            ||    81
